Map: Bel'Shir Vestige LE (Void)

Players

souL - Winner!

  • Race: Terran Terran
  • Spawn Location: 5:00

Matiz

  • Race: Zerg Zerg
  • Spawn Location: 11:00

Event: IEM XI Katowice - World Championship 2017

VOD

Have the link to the VOD?

Description

Time

  • Played on: Feb. 27, 2017, 9:15 a.m.
  • Length: 11:30

All games in this series

Show
View Real Time Build Order
Export as new Build Order

souL Terran - Winner!

Build Orders: Reaper Expand, Hellion Banshee, MMM Bio 

Get SALT Encoding   

  12  0:00  SCV  
  13  0:12  SCV  
  14  0:18  Supply Depot  
  14  0:25  SCV  
  15  0:30  Refinery  
  15  0:40  SCV  
  16  0:45  Barracks  
  16  0:52  SCV  
  17  1:04  SCV  
  18  1:16  SCV  
  19  1:32  Reaper, Orbital Command  
  20  1:49  Command Center  
  20  1:55  Factory  
  20  2:00  SCV  
  21  2:08  Barracks Reactor  
  21  2:10  Supply Depot  
  21  2:14  SCV  
  22  2:18  Refinery  
  22  2:26  SCV  
  23  2:38  SCV  
  24  2:45  Starport  
  24  2:54  Hellion x2  
  24  2:57  SCV  
  29  3:00  Orbital Command  
  29  3:06  Marine  
  29  3:09  SCV  
  31  3:18  Hellion  
  33  3:20  Hellion  
  33  3:22  Medivac  
  33  3:23  Marine  
  38  3:30  Armory  
  39  3:34  SCV x2  
  39  3:39  Hellion  
  42  3:42  Marine  
  42  3:45  Hellion  
  45  3:48  Supply Depot  
  45  3:55  Supply Depot, Starport Tech Lab  
  45  3:56  SCV  
  46  4:10  SCV x2  
  46  4:12  Supply Depot  
  46  4:14  Cloaking Field  
  46  4:17  Banshee  
  48  4:22  SCV x2  
  53  4:28  Hellion x2  
  53  4:34  SCV x2  
  54  4:46  SCV x2  
  54  4:49  Hellion x2  
  60  4:58  SCV x2  
  62  5:04  Banshee  
  62  5:07  Command Center  
  58  5:10  Hellion, SCV x2  
  60  5:14  Hellion  
  54  5:22  Barracks Tech Lab  
  54  5:23  SCV x2  
  54  5:27  Supply Depot  
  56  5:35  Supply Depot, SCV x2  
  58  5:36  Cyclone x2  
  64  5:47  Raven, SCV x2  
  68  5:51  Supply Depot  
  68  5:55  Marine, Barracks  
  68  5:56  Barracks  
  68  5:57  Refinery x2  
  69  5:59  SCV x2  
  69  6:00  Stimpack  
  68  6:07  Supply Depot  
  68  6:11  Hellion x2, SCV x2  
  74  6:22  Orbital Command  
  74  6:23  SCV x2  
  76  6:26  Engineering Bay  
  76  6:28  Supply Depot, Engineering Bay  
  76  6:30  Marine  
  77  6:35  SCV  
  77  6:36  SCV  
  79  6:40  Supply Depot  
  79  6:43  Terran Vehicle Weapons Level 1  
  79  6:45  Starport Reactor  
  80  6:47  Barracks Reactor  
  80  6:50  SCV  
  80  6:51  Marine, SCV  
  80  6:52  Factory Reactor  
  82  7:01  Terran Infantry Armor Level 1, Terran Infantry Weapons Level 1, Marine  
  82  7:04  Marine  
  82  7:07  SCV x2  
  86  7:08  Marine  
  83  7:19  Marine  
  83  7:20  SCV  
  83  7:22  Marine  
  76  7:24  Medivac x2  
  76  7:25  Marine  
  76  7:26  Marine x2  
  76  7:27  Barracks x2  
  76  7:29  SCV  
  85  7:36  SCV  
  81  7:37  Marine  
  81  7:40  Marine  
  81  7:41  SCV  
  81  7:43  Marine, Orbital Command  
  81  7:44  Marine x2, Supply Depot  
  86  7:45  Widow Mine x2  
  86  7:48  SCV  
  92  7:53  SCV  
  92  7:54  Supply Depot  
  92  7:55  Supply Depot, Marine  
  92  7:58  Marine  
  94  8:01  Marine x2, Combat Shields, Medivac x2  
  94  8:02  Marine  
  94  8:05  SCV x2  
  101  8:09  Bunker  
  101  8:10  SCV  
  102  8:13  Marine  
  102  8:14  Widow Mine x2  
  102  8:15  Barracks Reactor  
  102  8:16  Marine  
  102  8:17  SCV x2  
  110  8:22  Marine  
  111  8:27  Marine, Marauder, Barracks Reactor  
  111  8:31  Medivac x2  
  118  8:35  Marine x2, Barracks x2  
  118  8:36  Barracks  
  118  8:40  Marine  
  121  8:44  Liberator x2  
  121  8:45  Marine  
  121  8:48  Marine  
  121  8:53  Marine x2  
  124  8:57  Marine, Widow Mine, Refinery x2  
  124  9:00  Command Center  
  133  9:02  Marine  
  133  9:03  Marine  
  133  9:04  Marine  
  133  9:06  Marine  
  137  9:10  Marine  
  137  9:12  Marine  
  137  9:15  Supply Depot  
  137  9:17  Marine  
  139  9:19  Concussive Shells  
  139  9:22  Marine  
  139  9:23  Barracks Tech Lab x3  
  139  9:24  Marauder  
  139  9:25  Marine  
  139  9:26  Marine x3  
  139  9:28  Unknown  
  145  9:33  Widow Mine  
  147  9:39  Widow Mine  
  147  9:41  Marine, Marauder  
  147  9:42  Marine x3  
  147  9:43  Medivac  
  147  9:44  Medivac  
  159  9:46  Marauder  
  159  9:48  Marine, Marauder  
  158  9:54  Marine  
  158  9:55  Marauder  
  158  9:57  Marine  
  160  10:01  Widow Mine  
  160  10:02  Marine  
  160  10:03  Marauder  
  160  10:06  Marine  
  165  10:10  Marine, Widow Mine  
  165  10:11  Marauder x2  
  165  10:13  Medivac  
  165  10:14  Medivac  
  172  10:16  Marauder  
  172  10:19  Marine  
  175  10:24  Marauder  
  175  10:26  Marine  
  175  10:28  Marine x4  
  159  10:29  Marine x2  
  159  10:30  Widow Mine  
  159  10:33  Marauder x2  
  156  10:37  Marine x2  
  156  10:39  Widow Mine  
  158  10:44  Marine  
  158  10:46  Marine x3, Marauder  
  164  10:50  Marine  
  164  10:54  Marauder x2  
  164  10:56  Medivac  
  164  10:57  Medivac  
  173  10:58  Widow Mine  
  173  11:01  Marine, Marauder  
  178  11:11  Marine  
Show
View Real Time Build Order
Export as new Build Order

Matiz Zerg 

Build Orders: Hatch First 

Get SALT Encoding   

  12  0:00  Drone  
  13  0:14  Overlord  
  13  0:17  Drone  
  14  0:23  Extractor, Drone  
  15  0:32  Drone  
  16  0:40  Drone  
  17  0:54  Hatchery  
  17  0:55  Drone  
  17  0:58  Drone  
  18  1:14  Spawning Pool  
  18  1:16  Drone  
  18  1:19  Drone  
  19  1:33  Extractor, Drone  
  19  1:41  Drone  
  19  1:44  Hatchery  
  19  1:52  Drone  
  20  2:01  Queen  
  20  2:06  Queen  
  20  2:08  Zergling x2  
  25  2:15  Zergling x2  
  26  2:21  Overlord  
  26  2:29  Drone x2  
  27  2:39  Metabolic Boost  
  27  2:41  Drone x2  
  27  2:42  Drone  
  30  2:49  Queen  
  32  2:57  Drone x2  
  32  2:58  Drone  
  35  3:04  Queen  
  37  3:08  Overlord  
  37  3:12  Drone  
  37  3:22  Drone x4  
  37  3:25  Drone  
  41  3:36  Queen  
  41  3:38  Overlord  
  41  3:40  Overlord  
  43  3:44  Zergling x4  
  43  3:45  Zergling x2  
  46  3:49  Queen  
  46  3:54  Zergling x2  
  49  3:56  Overlord  
  49  3:58  Drone x2  
  49  3:59  Drone  
  49  4:01  Zergling x2  
  53  4:09  Drone x4  
  57  4:17  Zergling x6  
  57  4:18  Zergling x2  
  56  4:32  Zergling x8  
  59  4:42  Baneling Nest  
  53  4:48  Zergling x8  
  53  4:50  Drone x2  
  59  4:55  Drone x2  
  59  4:57  Drone x2  
  56  5:05  Drone x2  
  55  5:10  Drone  
  55  5:13  Drone  
  57  5:18  Drone x2  
  57  5:23  Spore Crawler  
  57  5:25  Drone x2  
  57  5:27  Spore Crawler x2  
  56  5:33  Drone  
  57  5:37  Spore Crawler, Drone x2  
  57  5:40  Drone  
  56  5:46  Drone  
  56  5:47  Drone  
  57  5:54  Drone  
  57  5:56  Queen  
  57  5:57  Queen  
  60  6:01  Lair  
  60  6:04  Evolution Chamber x2  
  61  6:06  Drone x3  
  61  6:08  Drone x2  
  65  6:12  Extractor  
  65  6:13  Extractor  
  65  6:14  Drone x4  
  66  6:19  Zergling x2  
  66  6:24  Drone  
  66  6:25  Drone  
  67  6:28  Drone  
  67  6:31  Zerg Melee Weapons Level 1  
  68  6:37  Drone x2  
  68  6:38  Drone  
  68  6:39  Drone x2  
  71  6:40  Drone  
  71  6:42  Zergling x2  
  71  6:43  Overlord x3  
  73  6:50  Hatchery  
  72  6:55  Baneling  
  72  6:56  Baneling x5  
  72  6:57  Zergling x4  
  72  6:58  Overlord x3  
  74  7:04  Overlord, Baneling  
  74  7:05  Zergling x6  
  71  7:17  Drone x5  
  71  7:21  Drone x3  
  78  7:23  Zerg Ground Armor Level 1  
  78  7:26  Drone  
  78  7:28  Drone x3  
  78  7:29  Drone  
  76  7:35  Drone x2  
  76  7:42  Drone x2  
  76  7:45  Drone x2  
  76  7:48  Drone x4  
  81  7:56  Zergling x6  
  84  8:01  Extractor  
  83  8:06  Extractor  
  83  8:08  Zergling x4, Hatchery, Extractor  
  83  8:09  Zergling x6  
  85  8:15  Zergling x4  
  85  8:16  Zergling x6  
  85  8:18  Pneumatized Carapace  
  90  8:20  Overseer  
  90  8:28  Queen  
  90  8:30  Zergling x6  
  90  8:31  Zergling x4  
  97  8:35  Baneling x5  
  97  8:37  Zergling x4  
  97  8:38  Zergling x6  
  102  8:48  Drone x7  
  104  8:58  Drone x5  
  104  8:59  Drone x2  
  104  9:01  Overlord  
  111  9:10  Zergling x2  
  111  9:12  Overlord x3  
  111  9:13  Zerg Melee Weapons Level 2  
  111  9:14  Spire  
  111  9:21  Zergling x4  
  111  9:22  Zergling x8  
  115  9:26  Zergling x4  
  115  9:27  Zergling x2  
  115  9:28  Baneling x2  
  115  9:29  Baneling  
  110  9:52  Zergling x10  
  110  9:53  Zergling x30  
  110  9:56  Baneling x3  
  110  9:57  Baneling  
  124  10:03  Zergling x2  
  124  10:04  Zergling x6, Spawning Pool  
  126  10:08  Baneling  
  102  10:33  Baneling  
  102  10:34  Baneling x3  
  97  10:42  Spire  
  86  10:50  Baneling x6  
  86  10:54  Zergling x14  
  86  10:55  Zergling x26  
  106  11:01  Zergling x2  
  100  11:13  Baneling x2  

Tags
 
Add a new tag
Caveats
  • Supply blocks, unpowered buildings, or Contaminate may cause inaccurate times.
  • Supply counts are checked every 10 seconds.